 Dungeon Crawl Stone Soup version 0.30.0-29-ga12c61a403 (webtiles) character file.

Game seed: 14029401984811350383

38924 Peloso the Fencer (level 13, -1/122 HPs)
             Began as a Minotaur Fighter on June 23, 2023.
             Was the Champion of Okawaru.
             Succumbed to a green ugly thing's poison
             ... on level 11 of the Dungeon.
             The game lasted 00:38:14 (19399 turns).

Peloso the Fencer (Minotaur Fighter)               Turns: 19399, Time: 00:38:14

Health: -1/122     AC: 31    Str: 23    XL:     13   Next: 66%
Magic:  12/12      EV:  8    Int:  5    God:    Okawaru [******]
Gold:   1829       SH: 12    Dex: 13    Spells: 12/12 levels left

rFire   + . .        a - +4 double sword (spect)
rCold   + . .        d - +0 kite shield
rNeg    . . .        k - +9 plate armour of the Orb {rElec Slay+2 SInv}
rPois   +            w - +1 hat {Stlth+}
rElec   +            t - +0 cloak
rCorr   +            z - +1 pair of gloves
SInv    +            (no boots)
Will    .....        (no amulet) Stlth
                     e - ring of resist corrosion
HPRegen 0.40/turn    (no ring)
MPRegen 0.13/turn

%: no passive effects
@: lethally poisoned (-1 -> -18), resistant
A: horns 2, retaliatory headbutt
a: Renounce Religion, Heroism, Finesse, Duel


You were on level 11 of the Dungeon.
You worshipped Okawaru.
Okawaru was exalted by your worship.
You visited 4 branches of the dungeon, and saw 17 of its levels.
You also visited: Bailey.

You collected 2609 gold pieces.
You spent 780 gold pieces at shops.

Inventory:

Hand Weapons
 a - a +4 spectral double sword (weapon)
 b - a +2 long sword of flaming
 c - a +6 long sword of holy wrath
Armour
 d - a +0 kite shield (worn)
 g - a +2 plate armour of fire resistance
 k - the +9 plate armour of the Orb (worn) {rElec Slay+2 SInv}
   (Okawaru gifted it to you on level 10 of the Dungeon)

   Slay:      It affects your accuracy & damage with ranged weapons and melee
   (+2).
   rElec:     It insulates you from electricity.
   SInv:      It lets you see invisible.
 t - a +0 cloak (worn)
 v - a +0 crystal plate armour
 w - a +1 hat of stealth (worn)
 z - a +1 pair of gloves (worn)
Jewellery
 e - a ring of resist corrosion (left hand)
 h - a ring of see invisible
 o - a +6 ring of dexterity
 x - a ring of ice
 D - a ring of fire
 E - a ring of protection from fire
 I - a +5 ring of evasion
 O - an amulet of reflection
 P - an amulet of the acrobat
 Q - a +4 ring of protection
 S - an amulet of guardian spirit
Wands
 l - a wand of flame (4)
 r - a wand of iceblast (1)
 B - a wand of digging (3)
 V - a wand of acid (4)
Scrolls
 m - 4 scrolls of teleportation
 y - 2 scrolls of magic mapping
 F - 2 scrolls of fog
 J - a scroll of blinking
 K - a scroll of immolation
 L - 2 scrolls of enchant armour
Potions
 f - 6 potions of flight
 i - 2 potions of mutation
 j - a potion of magic
 n - 2 potions of resistance
 p - a potion of brilliance {unknown}
 q - 2 potions of attraction {unknown}
 s - a potion of ambrosia {unknown}
 A - 4 potions of curing
 C - a potion of haste {unknown}
 G - 3 potions of heal wounds {unknown}
 R - 3 potions of might
 T - a potion of invisibility
 U - a potion of cancellation {unknown}
Miscellaneous
 u - a condenser vane
 H - a phial of floods
 M - a box of beasts
 N - a piece from Xom's chessboard (15/15)


   Skills:
 + Level 13.3 Fighting
 + Level 16.9 Long Blades
 + Level 14.7 Armour
 + Level 2.9 Dodging
 + Level 2.5 Stealth
 + Level 12.1 Shields
 + Level 1.0 Invocations


You had 12 spell levels left.
You didn't know any spells.
Your spell library contained the following spells:

 Spells                   Type           Power      Damage    Failure   Level
 Sandblast                Erth           0%         2d4       100%        1
 Inner Flame              Hex/Fire       0%         N/A       100%        3
 Vhi's Electric Charge    Tloc/Air       0%         N/A       100%        3
 Anguish                  Hex/Necr       0%         N/A       100%        4
 Cause Fear               Hex            0%         N/A       100%        4
 Flame Wave               Conj/Fire      0%         2d4       100%        4
 Sticky Flame             Conj/Fire      0%         2d3       100%        4
 Arcjolt                  Conj/Air       0%         1d10      100%        5
 Plasma Beam              Fire/Air       0%         2x1d11    100%        6
 Enfeeble                 Hex            0%         N/A       100%        7


Dungeon Overview and Level Annotations

Branches:
Dungeon (11/15)            Temple (1/1) D:6            Lair (3/5) D:8
 Shoals (0/4) Lair:2          Orc (2/2) D:10            Elf (0/3) Orc:2
 Bailey (visited)
  Snake: Lair:2-3    Spider: Lair:2-3

Altars:
Ashenzari
Cheibriados
Dithmenos
Elyvilon
Fedhas
Gozag
Hepliaklqana
Kikubaaqudgha
Nemelex Xobeh
Okawaru
Qazlal
Ru
Trog
Uskayaw
Vehumet
Yredelemnul

Shops:
D:4 [?:=*   D:5 *   D:6 ((??   D:7 [   Orc:2 :*[(

Annotations:
D:3 exclusion: statue


Innate Abilities, Weirdness & Mutations

You have a pair of horns on your head.
You reflexively headbutt those who attack you in melee.


Message History

The meliai barely misses your +4 spectral double sword.
The storm dragon breathes lightning at you.
The bolt of lightning hits you! You resist.
The meliai mumbles some strange prayers to its god against you.
Something smites you! The centaur warrior closely misses you.
You furiously retaliate!
You headbutt the centaur warrior. You block the centaur warrior's attack.
You hear a shout!
You hear two shouts!
Your Shields skill increases to level 12!
You completely miss the centaur warrior.
You headbutt the centaur warrior!
The centaur warrior is moderately wounded.
Your +4 spectral double sword hits the centaur warrior!!
You feel very sick.
The meliai hits your +4 spectral double sword with a +0 hand axe!
Your spectral weapon shares its damage with you!
Your +4 spectral double sword disappears.
* * * LOW HITPOINT WARNING * * *
You block the centaur warrior's attack. x2
You slice the centaur warrior!!
You kill the centaur warrior!
Okawaru accepts your kill.
You feel very sick.
The storm dragon breathes lightning at you.
The bolt of lightning hits you! You resist.
* * * LOW HITPOINT WARNING * * *
You block the meliai's attack. The meliai closely misses you.
You hear two shouts!
You feel protected.
* * * LOW HITPOINT WARNING * * *
You feel very sick. The meliai hits you but does no damage.
You block the meliai's attack. You block the storm dragon's attack.
The storm dragon claws you but does no damage.
The storm dragon tramples you.
* * * LOW HITPOINT WARNING * * *
You stumble backwards!
The meliai closely misses you.
The meliai stings you but does no damage.
You feel protected.
You die...

#..###..........(...# #
#...#..............#
#......##......###
##..###.........# ##...#
#####...###
#...#########..#
##..#.........#.#
#..#............#
#..#............@#
#.#.....)......yD# #
...............)†# y###
.#...............# u...#
#..............†.#....c.
.................'...⌠..
.................#......
................#.....#
................# ..###


You could see a storm dragon (catching breath) and a meliai.

Vanquished Creatures
  Gastronok (D:8)
  An orc warlord (Orc:2)
  Snorg (Orc:2)
  2 ettins (Orc:2)
  A hydra (D:10)
  Erica (D:10)
  An ogre mage (D:11)
  A centaur warrior (D:11)
  A boulder beetle (D:11)
  A tengu warrior (D:10)
  4 orc high priests
  Sonja (Orc:1)
  A deep elf knight (D:11)
  7 orc knights
  6 orc sorcerers
  A manticore (D:11)
  2 ugly things (D:11)
  2 cyclopes
  3 black mambas (Lair:2)
  2 cane toads (Lair:2)
  An unseen horror (D:11)
  2 komodo dragons
  A tengu conjurer (D:10)
  A kobold demonologist (D:11)
  2 burning bushes (Lair:1)
  A polar bear (Lair:1)
  A hornet (D:8)
  4 trolls
  Grinder (D:3)
  2 basilisks
  A shadow (D:11)
  A vampire (D:11)
  4 wyverns
  Grum (Bailey)
  19 yaks
  2 steam dragons
  A vampire mosquito (D:6)
  Menkaure (D:6)
  4 wargs
  Edmund (D:5)
  10 water moccasins
  Duvessa (D:6)
  2 black bears
  2 ice beasts (D:6)
  2 sky beasts
  4 ogres
  39 orc warriors
  3 centaurs
  6 wolves (Bailey)
  2 phantoms (D:5)
  2 kobold brigands
  Blork the orc (D:5)
  10 gnoll sergeants
  4 scorpions
  5 bullfrogs
  9 wights
  Dowan (D:6)
  4 howler monkeys
  A crimson imp (D:8)
  2 centaur zombies (D:9)
  28 orc priests
  Crazy Yiuf (D:6)
  6 hounds
  3 jellies
  7 iguanas
  2 sleepcaps
  7 gnoll boudas (Bailey)
  Natasha (D:3)
  25 orc wizards
  27 gnolls
  10 adders
  3 shadow imps
  4 white imps
  An ufetubus (D:5)
  A worm (D:2)
  3 dart slugs
  78 orcs
  7 endoplasms
  7 giant cockroaches
  8 hobgoblins
  3 jackals (D:3)
  13 kobolds
  5 quokkas
  7 ball pythons
  8 bats
  2 frilled lizards (D:2)
  7 goblins
  6 rats
481 creatures vanquished.

Vanquished Creatures (others)
  A howler monkey (D:9)
  An orc wizard (Orc:2)
  4 spectral weapons
6 creatures vanquished.

Grand Total: 487 creatures vanquished

Notes
Turn   | Place    | Note
-------+----------+-------------------------------------------
     0 | D:1      | Peloso the Minotaur Fighter began the quest for the Orb.
     0 | D:1      | Reached XP level 1. HP: 19/19 MP: 0/0
   189 | D:1      | Reached XP level 2. HP: 25/27 MP: 1/1
   677 | D:1      | Reached XP level 3. HP: 33/33 MP: 2/2
   986 | D:2      | Reached skill level 3 in Long Blades
  1101 | D:2      | Reached skill level 1 in Dodging
  1142 | D:2      | Reached XP level 4. HP: 37/41 MP: 3/3
  1592 | D:2      | Reached skill level 4 in Long Blades
  1795 | D:2      | Identified a scroll of acquirement
  1795 | D:2      | Acquired 425 gold pieces
  1832 | D:3      | Noticed Grinder
  1843 | D:3      | Found a faded altar of an unknown god.
  1844 | D:3      | Paralysed by Grinder for 3 turns
  1852 | D:3      | Killed Grinder
  1853 | D:3      | Reached skill level 5 in Long Blades
  1853 | D:3      | Reached skill level 5 in Armour
  1853 | D:3      | Reached XP level 5. HP: 7/47 MP: 4/4
  1853 | D:3      | Reached XP level 6. HP: 8/55 MP: 5/5
  2074 | D:3      | Found a white marble altar of Elyvilon.
  2454 | D:3      | Noticed Natasha
  2455 | D:3      | Killed Natasha
  2456 | D:3      | Reached skill level 5 in Fighting
  2495 | D:3      | Found a radiant altar of Vehumet.
  2643 | D:3      | Got Plato's Papyrus of the Caves
  2911 | D:4      | Found Anaxzyh's Book Shoppe.
  2933 | D:4      | Found Emeusta's Magic Scroll Emporium.
  3030 | D:4      | Found Yntui's Jewellery Emporium.
  3094 | D:4      | Found Kunory's Armour Shoppe.
  3169 | D:4      | Found a hide-covered altar of Uskayaw.
  3308 | D:4      | Reached skill level 6 in Long Blades
  3308 | D:4      | Reached XP level 7. HP: 61/61 MP: 6/6
  3392 | D:4      | Found Kostaucw's General Store.
  3627 | D:5      | Entered Level 5 of the Dungeon
  3743 | D:5      | Identified the +1 robe "Citzihozxem" {rPois rF++ rCorr
                  | Slay-6}
  3844 | D:5      | Reached skill level 7 in Long Blades
  3861 | D:5      | Found a bloodstained altar of Trog.
  3908 | D:5      | Noticed Edmund
  3924 | D:5      | HP: 3/62 [Edmund/+5 dire flail of protection (2)]
  3925 | D:5      | Killed Edmund
  3926 | D:5      | Reached XP level 8. HP: 3/70 MP: 7/7
  4006 | D:5      | Reached skill level 5 in Shields
  4409 | D:5      | Found Ponuamiv's Fire Supplies.
  4432 | D:5      | Noticed Blork the orc
  4437 | D:5      | Killed Blork the orc
  4438 | D:5      | Reached skill level 8 in Long Blades
  4665 | D:6      | Found Huejau's Weapon Boutique.
  4725 | D:6      | Found a sacrificial altar of Ru.
  5122 | D:6      | Found Xoxizor's Magic Scroll Shoppe.
  5131 | D:6      | Bought a scroll of acquirement for 780 gold pieces
  5131 | D:6      | Acquired a +1 heavy double sword
  5243 | D:6      | Reached skill level 9 in Long Blades
  5273 | D:6      | Reached XP level 9. HP: 35/78 MP: 8/8
  5407 | D:6      | Identified the +0 robe "Heofehoj" {*Corrode Str+6 Int+3}
  5430 | D:6      | Found a staircase to the Ecumenical Temple.
  5438 | Temple   | Entered the Ecumenical Temple
  5443 | Temple   | Became a worshipper of Warmaster Okawaru
  5497 | D:6      | Noticed Menkaure
  5501 | D:6      | Killed Menkaure
  5727 | D:6      | Found Gatzynam's Weapon Emporium.
  5855 | D:6      | Noticed Dowan
  5855 | D:6      | Noticed Duvessa
  5872 | D:6      | Killed Duvessa
  5874 | D:6      | Killed Dowan
  6004 | D:6      | Found a runed translucent door.
  6005 | D:6      | Noticed Crazy Yiuf
  6009 | D:6      | Killed Crazy Yiuf
  6126 | D:6      | Reached * piety under Okawaru
  6193 | D:6      | You fall into a shaft and drop 3 floors!
  6212 | D:9      | Found a flagged portal.
  6236 | D:9      | Reached skill level 10 in Long Blades
  6270 | Bailey   | Entered a bailey
  6653 | Bailey   | Reached ** piety under Okawaru
  6653 | Bailey   | Noticed Grum
  6682 | Bailey   | Killed Grum
  6983 | Bailey   | Reached XP level 10. HP: 42/88 MP: 9/9
  7254 | Bailey   | Identified the staff of fire "Huufesugh" {rPois rF+ Will-
                  | Str+3 Dex+3}
  7333 | Bailey   | Reached skill level 11 in Long Blades
  7540 | D:9      | Reached skill level 10 in Armour
  7692 | D:8      | Noticed Gastronok
  7711 | D:8      | Killed Gastronok
  8165 | D:7      | Found a hazy altar of Hepliaklqana.
  8194 | D:7      | Found a shadowy altar of Dithmenos.
  8459 | D:7      | Found Esonyup's Antique Armour Shoppe.
  9038 | D:6      | Found Hacroil's Magic Scroll Shoppe.
  9169 | D:8      | Found a staircase to the Lair.
  9186 | D:8      | Reached skill level 12 in Long Blades
  9652 | D:8      | Found a blossoming altar of Fedhas.
  9652 | D:8      | Found a sparkling altar of Nemelex Xobeh.
  9669 | D:8      | Reached XP level 11. HP: 73/98 MP: 10/10
  9959 | D:8      | Reached *** piety under Okawaru
 10408 | D:9      | Found an opulent altar of Gozag.
 10920 | D:9      | Found a basalt altar of Yredelemnul.
 11051 | D:10     | Entered Level 10 of the Dungeon
 11232 | D:10     | Reached skill level 10 in Fighting
 11404 | D:10     | Found a staircase to the Orcish Mines.
 11456 | D:10     | Reached skill level 13 in Long Blades
 11579 | D:10     | Reached **** piety under Okawaru
 12025 | D:11     | Noticed a tengu warrior
 12030 | D:11     | Noticed a boulder beetle
 12050 | D:10     | Killed a tengu warrior
 12162 | D:11     | Noticed a seven-headed hydra
 12163 | D:11     | Noticed an ogre mage
 12262 | Lair:1   | Entered Level 1 of the Lair of Beasts
 12279 | Lair:1   | Found a bloodstained altar of Trog.
 12694 | Lair:1   | Reached ***** piety under Okawaru
 12818 | Lair:1   | You fall into a shaft and drop 1 floor!
 12824 | Lair:2   | Received a gift from Okawaru
 12902 | Lair:2   | Reached skill level 14 in Long Blades
 13298 | Lair:2   | Found a staircase to the Shoals.
 13462 | Lair:2   | Reached XP level 12. HP: 110/110 MP: 11/11
 13524 | Lair:2   | Reached skill level 1 in Stealth
 14593 | Lair:3   | Received a gift from Okawaru
 14604 | Lair:3   | Noticed a five-headed hydra
 14783 | Orc:1    | Entered Level 1 of the Orcish Mines
 15054 | Orc:1    | Noticed an orc high priest
 15076 | Orc:1    | Killed an orc high priest
 15077 | Orc:1    | Reached skill level 15 in Long Blades
 15344 | Orc:1    | Noticed Sonja
 15351 | Orc:1    | Killed Sonja
 15848 | Orc:2    | Entered Level 2 of the Orcish Mines
 16102 | Orc:2    | Noticed an ettin
 16117 | Orc:2    | Killed an ettin
 16117 | Orc:2    | Received a gift from Okawaru
 16392 | Orc:2    | Reached skill level 10 in Shields
 16447 | Orc:2    | Noticed Snorg
 16456 | Orc:2    | Killed Snorg
 16457 | Orc:2    | Reached skill level 16 in Long Blades
 16850 | Orc:2    | Noticed an orc high priest
 17022 | Orc:2    | Killed an orc high priest
 17224 | Orc:2    | Reached XP level 13. HP: 119/119 MP: 12/12
 17243 | Orc:2    | Noticed an orc warlord
 17453 | Orc:2    | Killed an orc warlord
 17453 | Orc:2    | Received a gift from Okawaru
 17812 | Orc:2    | Noticed an ettin
 17832 | Orc:2    | Killed an ettin
 18103 | Orc:2    | Found Qyrarilo's General Store.
 18104 | Orc:2    | Found Bippacsa's Book Shop.
 18106 | Orc:2    | Found Gaannoeg's Antique Armour Shop.
 18106 | Orc:2    | Found Besith's Antique Weapon Boutique.
 18205 | Orc:2    | Found a staircase to the Elven Halls.
 18214 | Orc:2    | Found an iron altar of Okawaru.
 18508 | D:11     | Noticed Erica
 18615 | D:11     | Paralysed by an ogre mage for 5 turns
 18629 | D:10     | Killed Erica
 18629 | D:10     | Identified the +9 plate armour of the Orb {rElec Slay+2
                  | SInv} (Okawaru gifted it to you on level 10 of the Dungeon)
 18629 | D:10     | Received a gift from Okawaru
 18721 | D:11     | Reached skill level 1 in Invocations
 18938 | D:11     | Identified the +1 ring mail of the Five Dances {+Inv rF+
                  | rC++ Dex-2}
 19385 | D:11     | Noticed a storm dragon
 19395 | D:11     | Reached ****** piety under Okawaru
 19398 | D:11     | HP: 3/122 [storm dragon (6)]
 19399 | D:11     | Succumbed to a green ugly thing's poison

Illustrated notes

Levels and vault maps discovered:
D:1:      dpeg_arrival_stone_temple_mockup, layout_loops_ring, roderic_lattice_a
D:2:      layout_rooms, serial_rivers, chequers_serial_rivers_micro_e,
          chequers_serial_rivers_small_a, chequers_serial_rivers_micro_b,
          chequers_serial_rivers_small_3, chequers_serial_rivers_large_a,
          chequers_serial_rivers_room_b
D:3:      layout_loops_ring, vehumet_statue, elyvilon_altar_5,
          shapermc_ecumenical_altar_rom_forum, minmay_door_square, uniq_grinder,
          uniq_natasha
D:4:      layout_basic, nicolae_uskayaw_murder_on_the_dancefloor, serial_shops,
          shop, shop, shop, nicolae_shop_waterfront, nicolae_inconvenience_store
D:5:      layout_loops_ring, mainiacjoe_overflow_cross_hatched,
          nrook_mini_vaults, hex_medium, nicolae_shop_fire_sale
          [nicolae_sub_dead_trees], dk_noncrumbling_4, uniq_edmund,
          uniq_blork_the_orc
D:6:      cheibrodos_barr_body, layout_gridville, nicolae_ru_awakened_eye,
          minmay_temple_entry_stoned_glass, serial_shops,
          nicolae_shop_tiny_glass, nicolae_stop_n_shop_1,
          nicolae_shop_rolled_up, nicolae_shop_real_fake_doors, uniq_menkaure,
          uniq_duvessa, uniq_crazy_yiuf_cottage
D:7:      layout_loops_ring, nicolae_dithmenos_the_darkroom, kennysheep_mini,
          serial_shops, shop
D:8:      layout_loops_corners, jmf_multi_god_temple, erik_lair_orcish_takeover,
          minmay_fire_ice_demons, uniq_gastronok
D:9:      layout_loops_ring, lemuel_zombie_altar_yredelemnul,
          kennysheep_mini_moat, enter_bailey_5
D:10:     minmay_angry_zag, layout_loops_cross, orc_0_dummy,
          wad_floor_pattern_untrapped
D:11:     layout_cave_pods, nicolae_trove_entry_free_sample,
          nicolae_rejected_hall, uniq_erica
Temple:   nicolae_temple_ecumenical_triangle
Lair:1:   layout_cave_shapes, basic_altar, evilmike_ambush
          [evilmike_ambush_outer_basic, evilmike_ambush_inner_wall_1],
          lemuel_fruit_tree
Lair:2:   layout_roguey, elwin_shoals_entry_rocks,
          chequers_serial_rivers_micro_b
Lair:3:   layout_chaotic_city, guppyfry_snake_entry_garden,
          serial_bayou_shore_b, grunt_megastairs_1
Orc:1:    layout_diamond_mine, uniq_sonja
Orc:2:    st_orc_congregation, layout_diamond_mine, basic_altar,
          okawaru_metal_pillars_1_2, uniq_snorg

Skill      XL: |  1  2  3  4  5  6  7  8  9 10 11 12 13 |
---------------+----------------------------------------+-----
Fighting       | 4 5 6 8 9 11 12 13 | 13.3
Armour         | 4 5 6 7 9 11 12 13 14 | 14.7
Shields        | 4 6 7 8 10 12 | 12.1
Long Blades    | 3 5 6 7 9 10 12 14 16 | 16.9
Dodging        | 1 2 |  2.9
Stealth        | 1 2 |  2.5
Invocations    | 1 |  1.0

Action                     |  1- 3 |  4- 6 |  7- 9 | 10-12 | 13-15 || total
---------------------------+-------+-------+-------+-------+-------++-------
  Melee: Long sword        |   100 |   116 |   114 |       |     8 ||   338
         Headbutt          |    11 |    17 |    55 |   132 |    35 ||   250
         Double sword      |       |       |   130 |   610 |   145 ||   885
 Invoke: Heroism           |       |       |     2 |     6 |     2 ||    10
    Use: Scroll            |     6 |     5 |     5 |     8 |     5 ||    29
         Potion            |       |       |     3 |     1 |     2 ||     6
   Stab: Distracted        |       |       |       |     4 |     4 ||     8
 Armour: Scale mail        |    61 |    29 |       |       |       ||    90
         Chain mail        |       |    20 |    57 |       |       ||    77
         Plate armour      |       |       |   131 |       |    14 ||   145
         Crystal plate arm |       |       |       |   423 |    53 ||   476
  Dodge: Dodged            |    43 |    48 |   160 |   140 |    28 ||   419
  Block: Buckler           |    13 |    31 |   112 |    99 |       ||   255
         Kite shield       |       |       |       |   154 |    87 ||   241
